 Dungeon Crawl Stone Soup version 0.24-a0-528-g98e85ec62a (webtiles) character file.

Game seed: 7646188941729699600

35 Mithandil the Conjurer (level 3, -1/20 HPs)
             Began as a Tengu Conjurer on Aug 6, 2019.
             Succumbed to a worker ant's poison
             ... on level 2 of the Dungeon.
             The game lasted 00:07:44 (1136 turns).

Mithandil the Conjurer (Tengu Conjurer)             Turns: 1136, Time: 00:07:44

Health: -1/20      AC:  4    Str:  9    XL:     3   Next: 33%
Magic:  0/7        EV: 12    Int: 15    God:
Gold:   173        SH:  0    Dex: 14    Spells: 4/7 levels left

rFire    . . .     SeeInvis .   a - +2 dagger (speed)
rCold    . . .     Gourm    .   (no shield)
rNeg     . . .     Faith    .   i - +0 leather armour
rPois    .         Spirit   .   (helmet restricted)
rElec    .         Reflect  .   (no cloak)
rCorr    .         Harm     .   f - +0 pair of gloves
MR       .....                  (boots unavailable)
Stlth    ++........             (no amulet)
HPRegen  0.06/turn              (no ring)
MPRegen  0.10/turn              (no ring)

@: lethally poisoned (-1 -> -29)
A: beak, talons 3
a: no special abilities


You were on level 2 of the Dungeon.
You were not hungry.

You visited 1 branch of the dungeon, and saw 3 of its levels.

You collected 173 gold pieces.

Inventory:

Hand Weapons
 a - a +2 dagger of speed (weapon)
Missiles
 e - 43 arrows
Armour
 f - a +0 pair of gloves (worn)
 i - a +0 leather armour (worn)
Scrolls
 h - a scroll of enchant weapon {unknown}
 j - a scroll of fear {unknown}
Potions
 d - a potion of mutation {unknown}
 g - a potion of invisibility {unknown}
Comestibles
 c - 5 rations
 k - 3 chunks of flesh


   Skills:
 + Level 0.6 Fighting
 + Level 2.4 Dodging
 + Level 2.2 Stealth
 * Level 2.5 Spellcasting
 * Level 5.8 Conjurations


You had 4 spell levels left.
You knew the following spells:

 Your Spells              Type           Power        Failure   Level  Hunger
a - Magic Dart            Conj           ###.         2%          1    #......
b - Searing Ray           Conj           ###...       4%          2    ###....

Your spell library contained the following spells:

 Spells                   Type           Power        Failure   Level  Hunger
 Dazzling Spray           Conj/Hex       ##....       26%         3    ###....
 Iskenderun's Mystic Bla  Conj           ###.....     26%         4    #####..
 Force Lance              Conj/Tloc      ##......     65%         4    #####..
 Fulminant Prism          Conj/Hex       ##........   65%         4    #####..


Dungeon Overview and Level Annotations

Branches:
Dungeon (3/15)

Altars:


Innate Abilities, Weirdness & Mutations

You have a beak for a mouth.
You have claws for feet.


Message History

* * * LOW HITPOINT WARNING * * *
You are more poisoned.
The worker ant poisons you!
Sorry, you're not good enough to have a special ability.
Casting: Searing Ray (safe; 4% risk of failure)
Confirm with . or Enter, or press ? or * to list all spells.
Aiming: Magic Dart (safe; 2% risk of failure)
Press: ? - help, Shift-Dir - straight line, f/p - worker ant
Aim: a worker ant (almost dead)
The magic dart hits the worker ant but does no damage.
The worker ant is almost dead.
* * * LOW HITPOINT WARNING * * *
You feel sick. The worker ant bites you.
* * * LOW HITPOINT WARNING * * *
Casting: Magic Dart (safe; 2% risk of failure)
Confirm with . or Enter, or press ? or * to list all spells.
You don't know that spell.
You hit the worker ant. Your kick misses the worker ant.
The worker ant is almost dead.
You die...

......... #........
. ###........ ..
.......... ...
########.........
...
#......#......... ..
#.####.#.........
#.##.#..............
#.a@.#....#.........
###########..######.
................
........<.......
####.#.#######.
#...........
#...........
#...........
#.#........


You could see a worker ant.

Vanquished Creatures
  An ooze (D:1)
  2 giant cockroaches (D:1)
  4 goblins
  4 hobgoblins
  6 kobolds (D:1)
  3 bats (D:1)
  A frilled lizard (D:2)
  9 rats
30 creatures vanquished.

Notes
Turn   | Place    | Note
-------+----------+-------------------------------------------
     0 | D:1      | Mithandil the Tengu Conjurer began the quest for the Orb.
     0 | D:1      | Reached XP level 1. HP: 10/10 MP: 4/4
    79 | D:1      | Reached XP level 2. HP: 15/15 MP: 1/6
    85 | D:1      | Learned a level 2 spell: Searing Ray
   555 | D:1      | Reached XP level 3. HP: 20/20 MP: 4/7
  1135 | D:2      | HP: 1/20 [worker ant (1)]
  1136 | D:2      | Succumbed to a worker ant's poison

Levels and vault maps discovered:
D:1:      nicolae_arrival_memento_mori, layout_basic, grunt_decor_resistance,
          minmay_rat_gold_closets
D:2:      layout_basic, minmay_pentomino_s2
D:3:      layout_basic, first_ration, small_statue_intersection

Action                   || total
-------------------------++-------
Melee: Hand axe          ||    14
       Dagger            ||    11
       Kick              ||     1
 Cast: Magic Dart        ||    42
       Searing Ray       ||     1
 Stab: Sleeping          ||     3
  Eat: Chunk             ||     1
Armor: Robe              ||     1
       Leather armour    ||     4
Dodge: Dodged            ||     9

Table legend:
 A = Non-vault XP
 B = Vault XP
 C = Vault XP percentage of total XP
 D = Non-vault monster count
 E = Vault monster count
 F = Vault count percentage of total count
                 A         B        C        D         E       F
            +---------+---------+-------+---------+---------+-------
      Total |      45 |       5 |  10.0 |      25 |       5 |  16.7
            +---------+---------+-------+---------+---------+-------
        D:1 |      37 |       5 |  11.9 |      19 |       5 |  20.8
        D:2 |       8 |       0 |   0.0 |       6 |       0 |   0.0
            +---------+---------+-------+---------+---------+-------
